 Dungeon Crawl Stone Soup version 0.25-a0-424-g80bd347 (webtiles) character file.

Game seed: 3080438506199297586, levelgen mode: deterministic

4 CanOfBees the Caller (level 1, 0/10 HPs)
             Began as a Deep Elf Summoner on Jan 22, 2020.
             Slain by a kobold
             ... wielding a +0 short sword
              (2 damage)
             ... on level 1 of the Dungeon.
             The game lasted 00:00:26 (415 turns).

CanOfBees the Caller (Deep Elf Summoner)             Turns: 415, Time: 00:00:26

Health: 0/10       AC:  2    Str:  5    XL:     1   Next: 58%
Magic:  3/6        EV: 13    Int: 19    God:
Gold:   10         SH:  0    Dex: 15    Spells: 5/6 levels left

rFire    . . .     SeeInvis .   (no weapon)
rCold    . . .     Gourm    .   (no shield)
rNeg     . . .     Faith    .   a - +0 robe
rPois    .         Spirit   .   (no helmet)
rElec    .         Reflect  .   (no cloak)
rCorr    .         Harm     .   (no gloves)
MR       .....                  (no boots)
Stlth    ++........             (no amulet)
HPRegen  0.03/turn              (no ring)
MPRegen  0.10/turn              (no ring)

@: no status effects
A: no striking features
a: no special abilities


You were on level 1 of the Dungeon.
You were not hungry.

You visited 1 branch of the dungeon, and saw 1 of its levels.

You collected 10 gold pieces.

Inventory:

Armour
 a - a +0 robe (worn)
Comestibles
 b - 2 chunks of flesh
 c - a ration


   Skills:
 + Level 0.2 Fighting
 + Level 2.5 Dodging
 - Level 2.4 Stealth
 + Level 3.1 Spellcasting
 * Level 4.5 Summonings


You had 5 spell levels left.
You knew the following spells:

 Your Spells              Type           Power        Failure   Level  Hunger
a - Summon Small Mammal   Summ           ###.         2%          1    None

Your spell library contained the following spells:

 Spells                   Type           Power        Failure   Level  Hunger
 Call Imp                 Summ           ###.....     3%          2    ##.....
 Call Canine Familiar     Summ           ###.....     7%          3    ###....
 Summon Guardian Golem    Hex/Summ       ##......     19%         3    ###....
 Summon Ice Beast         Ice/Summ       ##......     52%         4    ####...
 Summon Lightning Spire   Summ/Air       ##......     52%         4    ####...


Dungeon Overview and Level Annotations

Branches:
Dungeon (1/15)

Altars:


Message History

Your quokka's corpse disappears in a puff of smoke!
The kobold hits your rat with a +0 short sword.
Your rat dies!
Your rat's corpse disappears in a puff of smoke!
The kobold closely misses you.
You hit the kobold.
The kobold is heavily wounded.
The kobold barely misses you.
You hit the kobold but do no damage.
The kobold is heavily wounded.
The kobold hits you with a +0 short sword.
You closely miss the kobold.
The kobold is heavily wounded.
The kobold hits you with a +0 short sword.
Ouch! That really hurt!
* * * LOW HITPOINT WARNING * * *
Casting: Summon Small Mammal (safe; 2% risk of failure)
Confirm with . or Enter, or press ? or * to list all spells.
The kobold hits you with a +0 short sword.
You die...

#.##.##.#
#.#..P#.#
#.##.##.# .##
##.# #### .#
#..####.....
###.####.......#
...#.......####
#K##.#####.#
#@##.# #.###
#.r..# #...#
#.##.# #.#[#
#.##.#####.#.#
#.##.......#.###
#.#####........#
#.#####........#
#.......####...#
#.####### ...#


You could see a kobold and a friendly quokka.

Vanquished Creatures (collateral kills)
  A dart slug (D:1)
  A goblin (D:1)
  A frilled lizard (D:1)
  3 kobolds (D:1)
6 creatures vanquished.

Notes
Turn   | Place    | Note
-------+----------+-------------------------------------------
     0 | D:1      | CanOfBees the Deep Elf Summoner began the quest for the
                  | Orb.
     0 | D:1      | Reached XP level 1. HP: 10/10 MP: 6/6
   415 | D:1      | Slain by a kobold

Levels and vault maps discovered:
D:1:      grunt_arrival_crossed_arrows, layout_loops_ring, serial_aquarium,
          aquarium_bridge_straight [aquarium_subvault_bridge,
          aquarium_subvault_wall, aquarium_subvault_bridge,
          aquarium_subvault_balcony], aquarium_window_fake, aquarium_window_1,
          aquarium_window_fake, aquarium_view_2c, aquarium_pool_corner,
          minmay_misc_feat_ornament, minmay_lizard_king

Action                   || total
-------------------------++-------
Melee: Unarmed           ||     4
 Cast: Summon Small Mamm ||    10
Armor: Robe              ||     1
Dodge: Dodged            ||     3

Table legend:
 A = Non-vault XP
 B = Vault XP
 C = Vault XP percentage of total XP
 D = Non-vault monster count
 E = Vault monster count
 F = Vault count percentage of total count
                 A         B        C        D         E       F
            +---------+---------+-------+---------+---------+-------
      Total |       7 |       0 |   0.0 |       6 |       0 |   0.0
            +---------+---------+-------+---------+---------+-------
        D:1 |       7 |       0 |   0.0 |       6 |       0 |   0.0
            +---------+---------+-------+---------+---------+-------
